 Dungeon Crawl Stone Soup version 0.22-a0-785-g6253c82ace (webtiles) character file.

5815 Htamos the Nimble (level 10, -2/37 HPs)
             Began as a Felid Conjurer on July 20, 2018.
             Was the Champion of Ru.
             Slain by a shadow (7 damage)
             ... on level 11 of the Dungeon.
             The game lasted 00:42:16 (17813 turns).

Htamos the Nimble (Felid Conjurer)                 Turns: 17813, Time: 00:42:17

Health: -2/37      AC:  2    Str:  4    XL:     10   Next: 51%
Magic:  14/25      EV: 27    Int: 19    God:    Ru [******]
Gold:   365        SH:  0    Dex: 18    Spells: 22/29 levels left
                                        Lives:  0   Deaths: 3

rFire    . . .     SeeInvis +   (weapon unavailable)
rCold    . . .     Gourm    .   (shield unavailable)
rNeg     . . .     Faith    .   (armour unavailable)
rPois    .         Spirit   .   (helmet unavailable)
rElec    .         Reflect  .   (cloak unavailable)
rCorr    .         Harm     .   (gloves unavailable)
MR       +....                  (boots unavailable)
Stlth    ..........             (no amulet)
HPRegen  0.12/turn              (ring unavailable)
MPRegen  0.19/turn              (no ring)

@: flying, very slightly contaminated, slowed, drained, invisible, slow
A: very small, no armour, no weapons or thrown items, stealth, claws 1, fangs 3,
see invisible, carnivore, speed 1, shaggy fur 2, slow metabolism 1, missing a
hand, no stealth, hated by all, unskilled 1, sharp paws
a: Draw Out Power, Power Leap, Apocalypse, Renounce Religion


You were on level 11 of the Dungeon.
You worshipped Ru.
Ru was exalted by your worship.
You were completely stuffed.

You visited 2 branches of the dungeon, and saw 12 of its levels.

You collected 605 gold pieces.
You spent 240 gold pieces at shops.

Inventory:

Jewellery
 q - a +5 ring of evasion {unknown}
 s - an uncursed ring of ice {unknown}
Wands
 c - a wand of paralysis (3)
Scrolls
 a - 2 scrolls of fear {unknown}
 f - 10 scrolls of identify
 g - 15 scrolls of remove curse {unknown}
 i - 3 scrolls of noise {unknown}
 m - 2 scrolls of magic mapping
 o - 2 scrolls of amnesia {unknown}
 p - 4 scrolls of teleportation
Potions
 d - 4 potions of degeneration
 e - a potion of flight
 h - 2 potions of brilliance
 j - 3 potions of resistance {unknown}
 k - a potion of invisibility
 l - a potion of mutation {unknown}
 r - a potion of agility {unknown}
Comestibles
 b - 19 rations


   Skills:
 + Level 10.7(10.3) Dodging
 - Level 10.0(9.6) Spellcasting
 - Level 7.6(7.2) Conjurations
 * Level 6.2(5.8) Poison Magic


You had 22 spell levels left.
You knew the following spells:

 Your Spells              Type           Power        Failure   Level  Hunger
a - Magic Dart            Conj           ####         1%          1    None
b - Poisonous Vapours     Pois/Air       ###...       3%          2    None
c - Iskenderun's Mystic   Conj           #####...     4%          4    ###....

Your spell library contained the following spells:

 Spells                   Type           Power        Failure   Level  Hunger
 Throw Frost              Conj/Ice       ###...       2%          2    None
 Mephitic Cloud           Conj/Pois/Air  ####....     3%          3    None
 Venom Bolt               Conj/Pois      ####......   14%         5    #####..
 Olgreb's Toxic Radiance  Pois           ####....     7%          4    ###....
 Freeze                   Ice            #...         8%          1    None
 Summon Ice Beast         Ice/Summ       #.......     61%         4    ###....
 Ozocubu's Armour         Chrm/Ice       #.......     24%         3    None
 Sting                    Conj/Pois      ####         1%          1    None
 Throw Icicle             Conj/Ice       ###.....     17%         4    ###....
 Fulminant Prism          Conj/Hex       ###.......   17%         4    ###....
 Dazzling Spray           Conj/Hex       ###...       5%          3    None
 Force Lance              Conj/Tloc      ###.....     17%         4    ###....
 Searing Ray              Conj           #####.       1%          2    None


Dungeon Overview and Level Annotations

Branches:
Dungeon (11/15)            Temple (0/1) D:6            Lair (1/6) D:8
    Orc (0/2) D:10

Altars:
Okawaru
Ru
Wu Jian

Shops:
D:5 }   D:9 }   D:10 [


Innate Abilities, Weirdness & Mutations

You cannot wear armour.
You are incapable of wielding weapons or throwing items.
Your paws allow you to move quietly. (Stealth)
You have sharp claws.
You have razor-sharp teeth.
You have supernaturally acute eyesight. (SInv)
You are carnivorous and can eat meat at any time.
You cover ground quickly.
You are covered in thick fur. (AC +2)
You have a slow metabolism.
You are missing a hand.
You cannot be stealthy.
You are hated by all.
You are somewhat unskilled. (-1 Apt)
Your sharp claws are effective at attacking unaware monsters.


Message History

You scratch the shadow but do no damage.
The wraith completely misses you. The shadow completely misses you.
You barely miss the shadow. The wraith hits you! The wraith drains your vigour!
You feel yourself slow down. The wraith misses you. The shadow hits you!
* * * LOW HITPOINT WARNING * * *
It was a potion of invisibility.
You fade into invisibility!
You feel less exhausted. The wraith hits you!
* * * LOW HITPOINT WARNING * * *
The wraith drains your vigour!
You feel as though you will be slow longer.
The wraith completely misses you.
The shadow begins to attack, but is stunned by your will!
The wraith closely misses you. x2
You are very lightly contaminated with residual magic.
It was a potion of flight.
You feel very buoyant.
You fly up into the air.
The shadow misses you. The wraith misses you. x2
The shadow hits you!
You die...

##(###### # #W# # #(##
# #.W# ##. ##'########
.$.. #.........# .....
#.C.......# ......####
#(........'
......W@W###........(#
......##WCW'.........#
##### #####.........#
###########


You could see a cyclops, 3 wraiths and a shadow.

Vanquished Creatures
  Josephine (D:11)
  2 two-headed ogres (D:8)
  Joseph (D:10)
  A komodo dragon (D:8)
  3 trolls
  A blink frog (Lair:1)
  Grinder (D:4)
  2 hippogriffs
  Sigmund (D:6)
  A wraith (D:11)
  6 yaks (D:10)
  A hungry ghost (D:7)
  Edmund (D:6)
  2 wargs (D:10)
  Menkaure (D:4)
  An acid dragon (D:10)
  A water moccasin (D:4)
  6 orc warriors
  2 sky beasts
  2 ice beasts
  8 ogres
  3 necrophages
  A centaur (D:8)
  A big kobold (D:9)
  A gnoll sergeant (D:11)
  6 bullfrogs
  A wyvern skeleton (D:9)
  3 scorpions
  10 killer bees
  2 howler monkeys (D:8)
  9 wights
  An electric eel (D:9)
  4 crimson imps
  2 centaur zombies
  7 hounds
  A bullfrog zombie (D:6)
  A centaur skeleton (D:10)
  13 orc wizards
  2 jellies
  3 orc priests
  2 bullfrog skeletons
  3 iguanas
  6 worker ants
  A killer bee zombie (D:7)
  A hound zombie (D:9)
  15 gnolls
  8 adders
  A howler monkey skeleton (D:11)
  A shadow imp (D:9)
  An adder zombie (D:6)
  An ooze (D:3)
  3 adder skeletons
  A worm (D:2)
  2 leopard geckos (D:4)
  38 orcs
  5 bats
  6 giant cockroaches
  8 goblins
  6 hobgoblins
  17 jackals
  9 quokkas
  A ball python (D:1)
  2 frilled lizards (D:2)
  10 kobolds
  A quokka skeleton (D:6)
  11 rats
276 creatures vanquished.

Vanquished Creatures (others)
  An ogre (D:7)
  3 plants (D:9)
4 creatures vanquished.

Grand Total: 280 creatures vanquished

Notes
Turn   | Place    | Note
-------+----------+-------------------------------------------
     0 | D:1      | Htamos the Felid Conjurer began the quest for the Orb.
     0 | D:1      | Reached XP level 1. HP: 7/7 MP: 4/4
   441 | D:1      | Reached XP level 2. HP: 11/11 MP: 1/6
  1292 | D:2      | Found a sacrificial altar of Ru.
  1344 | D:2      | Became a worshipper of Ru the Awakened
  1373 | D:2      | Reached XP level 3. HP: 14/14 MP: 0/8
  2211 | D:3      | Reached XP level 4. HP: 18/18 MP: 4/9
  3161 | D:4      | Gained mutation: You are hated by all. [Ru sacrifice]
  3161 | D:4      | Reached * piety under Ru
  3244 | D:4      | Reached XP level 5. HP: 15/21 MP: 0/11
  3641 | D:4      | Noticed Grinder
  3694 | D:4      | Paralysed by Grinder for 7 turns
  3700 | D:4      | Slain by Grinder
  3701 | D:4      | Reached XP level 4. HP: 0/18 MP: 4/10
  4020 | D:4      | Reached XP level 5. HP: 21/21 MP: 3/12
  4108 | D:4      | Noticed Menkaure
  4119 | D:4      | Killed Menkaure
  4119 | D:4      | Reached skill level 5 in Dodging
  4315 | D:4      | Gained mutation: You are covered in thick fur. (AC +2) [Felid growth]
  4315 | D:4      | Reached XP level 6. HP: 22/24 MP: 5/13
  4738 | D:4      | Paralysed by Grinder for 2 turns
  4744 | D:4      | Paralysed by Grinder for 7 turns
  4754 | D:4      | Killed Grinder
  4754 | D:4      | Reached skill level 5 in Spellcasting
  4754 | D:4      | Reached skill level 5 in Conjurations
  5016 | D:4      | Reached XP level 7. HP: 27/27 MP: 6/16
  5265 | D:5      | Entered Level 5 of the Dungeon
  5778 | D:4      | HP: 1/27 [poisoned by a water moccasin]
  5780 | D:4      | Succumbed to a water moccasin's poison
  5781 | D:4      | Reached XP level 6. HP: 0/24 MP: 14/15
  5934 | D:5      | Noticed a sky beast
  6184 | D:5      | Reached XP level 7. HP: 24/27 MP: 1/17
  6898 | D:5      | Found Quozid's Gadget Shop.
  6906 | D:5      | Bought a wand of acid (4) for 240 gold pieces
  7201 | D:6      | Noticed Edmund
  7361 | D:6      | Killed Edmund
  7361 | D:6      | Reached XP level 8. HP: 31/31 MP: 19/19
  7445 | D:6      | Gained mutation: You are missing a hand. [Ru sacrifice]
  7445 | D:6      | Reached ** piety under Ru
  7445 | D:6      | Reached *** piety under Ru
  7445 | D:6      | Reached **** piety under Ru
  7534 | D:6      | Found a staircase to the Ecumenical Temple.
  7705 | D:6      | Noticed Sigmund
  7746 | D:6      | Killed Sigmund
  8319 | D:6      | You fall through a shaft for 2 floors!
  8335 | D:8      | Noticed a two-headed ogre
  8364 | D:8      | Noticed a hippogriff
  8569 | D:7      | Learned a level 2 spell: Poisonous Vapours
  8574 | D:7      | Learned a level 4 spell: Iskenderun's Mystic Blast
  8866 | D:7      | Reached skill level 1 in Poison Magic
  9350 | D:7      | Reached XP level 9. HP: 34/34 MP: 14/22
 10198 | D:8      | Found a staircase to the Lair.
 10492 | D:8      | Killed a two-headed ogre
 10695 | D:8      | Found an iron altar of Okawaru.
 11390 | D:8      | Gained mutation: You are somewhat unskilled. (-1 Apt) [Ru sacrifice]
 11390 | D:8      | Reached ***** piety under Ru
 11454 | D:8      | Noticed a two-headed ogre
 11481 | D:8      | Killed a two-headed ogre
 11481 | D:8      | Reached XP level 10. HP: 37/37 MP: 13/23
 11588 | Lair:1   | Entered Level 1 of the Lair of Beasts
 11924 | D:9      | Found Inwooseh's Gadget Emporium.
 12668 | D:9      | Found an ornate altar of the Wu Jian Council.
 14373 | D:10     | Entered Level 10 of the Dungeon
 15063 | D:10     | Noticed Joseph
 15081 | D:10     | Killed Joseph
 15091 | D:10     | Gained mutation: You cannot be stealthy. [Ru sacrifice]
 15091 | D:10     | Reached ****** piety under Ru
 15544 | D:10     | Found a staircase to the Orcish Mines.
 15872 | D:10     | Reached skill level 10 in Dodging
 15900 | D:10     | Reached XP level 11. HP: 40/40 MP: 10/25
 16228 | D:10     | Found Adwogh's Armour Boutique.
 16252 | D:10     | Reached skill level 10 in Spellcasting
 16257 | D:10     | Reached skill level 5 in Poison Magic
 16509 | D:10     | HP: 2/40 [orc warrior/morningstar (21)]
 17668 | D:11     | Noticed Josephine
 17701 | D:11     | Killed from afar by Josephine
 17702 | D:11     | Reached XP level 10. HP: -25/37 MP: 6/25
 17714 | D:11     | Killed Josephine
 17732 | D:11     | Noticed a manticore
 17789 | D:11     | Noticed a cyclops
 17813 | D:11     | Slain by a shadow

Vault maps used:
D:1:      dpeg_arrival_tiny_g, minmay_pentomino_t4
D:2:      nicolae_ru_path_of_blood
D:4:      first_ration, uniq_grinder, uniq_menkaure
D:5:      serial_shops, shop, glass_columns_a, minmay_misc_feat_encased,
          minivault_19, minmay_misc_feat_plants, minmay_fountain_box
D:6:      minmay_temple_entry_water_ring, uniq_sigmund, uniq_edmund
D:8:      lair_entry_dummy, basic_altar
D:9:      basic_altar, serial_shops, shop, serial_bayou, serial_bayou_pond_b,
          serial_bayou_pond_c, serial_bayou_shore_b, serial_bayou_shore_b,
          serial_bayou_shore_b
D:10:     david_orc_1_choice, serial_shops, shop_fountains, uniq_joseph
D:11:     uniq_josephine
Lair:1:   lab_entry_generic, hangedman_lair_generics_rect, uniq_gastronok

Skill      XL: |  1  2  3  4  5  6  7  8  9 10 11 |
---------------+----------------------------------+-----
Dodging        | 3 4 5 7 8 8 10 | 10.7
Spellcasting   | 3 4 6 7 8 8 9 10 | 10.0
Conjurations   | 4 5 6 6 7 |  7.6
Poison Magic   | 1 3 6 5 |  6.2
Stealth        | 0 |  0.0

Action                   |  1- 3 |  4- 6 |  7- 9 | 10-12 || total
-------------------------+-------+-------+-------+-------++-------
Melee: Unarmed           |    15 |     9 |    47 |    82 ||   153
       Bite              |     1 |     1 |     2 |     6 ||    10
 Cast: Magic Dart        |    93 |   206 |   246 |    88 ||   633
       Poisonous Vapours |       |       |    61 |   262 ||   323
       Iskenderun's Myst |       |       |    17 |    39 ||    56
Invok: Sacrifice Love    |       |     1 |       |       ||     1
       Sacrifice a Hand  |       |       |     1 |       ||     1
       Sacrifice Skill   |       |       |     1 |       ||     1
       Draw Out Power    |       |       |       |     2 ||     2
       Sacrifice Stealth |       |       |       |     1 ||     1
       Power Leap        |       |       |       |     2 ||     2
Evoke: Wand              |       |       |    12 |       ||    12
  Use: Potion            |       |     4 |     1 |     4 ||     9
       Scroll            |       |       |     5 |     4 ||     9
 Stab: Paralysed         |       |       |    21 |     3 ||    24
  Eat: Chunk             |    10 |     6 |    23 |    21 ||    60
Armor: Skin              |     2 |     1 |     3 |     3 ||     9
Dodge: Dodged            |    15 |    53 |   120 |   199 ||   387

Table legend:
 A = Spawn XP
 B = Non-spawn XP
 C = Spawn XP percentage of total XP
 D = Spawn monster count
 E = Non-spawn monster count
 F = Spawn count percentage of total count
 G = Total turns spent on level
                    A         B        C        D         E        F      G
               +---------+---------+-------+---------+---------+-------+---------
         Total |       0 |   15839 |   0.0 |       0 |     277 |   0.0 | 17813
               +---------+---------+-------+---------+---------+-------+---------
           D:1 |       0 |      25 |   0.0 |       0 |      15 |   0.0 |  1133
           D:2 |       0 |      44 |   0.0 |       0 |      19 |   0.0 |   933
           D:3 |       0 |     106 |   0.0 |       0 |      22 |   0.0 |  1094
           D:4 |       0 |     848 |   0.0 |       0 |      21 |   0.0 |  2316
           D:5 |       0 |     761 |   0.0 |       0 |      19 |   0.0 |  1539
           D:6 |       0 |     846 |   0.0 |       0 |      22 |   0.0 |  1790
           D:7 |       0 |    1116 |   0.0 |       0 |      24 |   0.0 |  1272
           D:8 |       0 |    3265 |   0.0 |       0 |      29 |   0.0 |  2132
           D:9 |       0 |    2370 |   0.0 |       0 |      43 |   0.0 |  2275
          D:10 |       0 |    4127 |   0.0 |       0 |      43 |   0.0 |  2634
          D:11 |       0 |    2061 |   0.0 |       0 |      19 |   0.0 |   680
        Lair:1 |       0 |     270 |   0.0 |       0 |       1 |   0.0 |    15
               +---------+---------+-------+---------+---------+-------+---------
